 Dungeon Crawl Stone Soup version 0.27-a0-650-g8dd3ea4f36 (webtiles) character file.

Game seed: 11188927541662694659

23046 rednaxela the Tainter (level 13, -9/103 HPs)
             Began as a Naga Venom Mage on Mar 16, 2021.
             Was a Priest of Cheibriados.
             Splashed by an acid dragon's acid (15 damage)
             ... on level 12 of the Dungeon.
             The game lasted 00:56:52 (20092 turns).

rednaxela the Tainter (Naga Venom Mage)            Turns: 20092, Time: 00:56:52

Health: -9/103     AC: 17    Str: 18    XL:     13   Next: 4%
Magic:  5/27       EV:  9    Int: 29    God:    Cheibriados [***...]
Gold:   763        SH:  0    Dex: 20    Spells: 19/32 levels left

rFire    . . .     SeeInvis +   y - staff of poison
rCold    + . .     Faith    .   (no shield)
rNeg     . . .     Spirit   .   E - +1 robe {Will+}
rPois    +         Reflect  .   J - +1 hat {Stlth+}
rElec    .         Harm     .   q - +0 cloak
rCorr    .         Rampage  .   i - +0 pair of gloves
Will     ++...                  t - +3 barding {rC+}
Stlth    ++++......             (no amulet)
HPRegen  0.27/turn              x - +4 ring of slaying
MPRegen  0.20/turn              j - +4 ring of protection

@: about to teleport, corroded, very slow
A: AC +4, large, see invisible, deformed body, poison resistance, slowness 2,
spit poison 1, naga tail 2
a: Spit Poison, Renounce Religion, Bend Time, Temporal Distortion


You were on level 12 of the Dungeon.
You worshipped Cheibriados.
Cheibriados was most pleased with you.
You visited 2 branches of the dungeon, and saw 13 of its levels.

You collected 875 gold pieces.
You spent 112 gold pieces at shops.

Inventory:

Hand Weapons
 k - a +1 spear
   (You took it off a goblin on level 1 of the Dungeon)
Missiles
 b - 420 stones
 B - 7 curare-tipped darts (quivered)
Armour
 i - a +0 pair of gloves (worn)
   (You found it on level 4 of the Dungeon)
 q - a +0 cloak (worn)
   (You found it on level 3 of the Dungeon)
 t - a +3 barding of cold resistance (worn)
   (You found it on level 3 of the Dungeon)
 E - a +1 robe of willpower (worn)
   (You took it off Psyche on level 9 of the Dungeon)
 J - a +1 hat of stealth (worn)
   (You took it off Gastronok on level 1 of the Orcish Mines)
Magical Staves
 u - a staff of conjuration
   (You found it on level 6 of the Dungeon)
 y - a staff of poison (weapon)
   (You found it on level 8 of the Dungeon)
Jewellery
 j - a +4 ring of protection (left hand)
   (You found it on level 1 of the Dungeon)
 x - a +4 ring of slaying (right hand)
   (You found it on level 5 of the Dungeon)
 z - a ring of resist corrosion
   (You found it on level 2 of the Dungeon)
 C - a ring of flight
   (You found it on level 9 of the Dungeon)
 G - a ring of ice
   (You found it on level 11 of the Dungeon)
Wands
 l - a wand of polymorph (12)
   (You found it on level 8 of the Dungeon)
 r - a wand of digging (5) {@v3}
   (You found it on level 7 of the Dungeon)
 w - a wand of iceblast (3) {@v2}
   (You found it on level 7 of the Dungeon)
 A - a wand of flame (17) {@v4}
   (You found it on level 9 of the Dungeon)
 D - a wand of paralysis (20)
   (You took it off Psyche on level 9 of the Dungeon)
Scrolls
 c - a scroll of teleportation {@r3 !r}
 h - 6 scrolls of magic mapping {@r5 !r}
 n - 2 scrolls of fog {!r}
 s - a scroll of immolation
 F - a scroll of identify {@r1}
 H - 2 scrolls of fear {unknown}
Potions
 e - 7 potions of lignification {@q5}
 f - 2 potions of mutation
 g - 2 potions of berserk rage {unknown}
 m - 3 potions of curing {@q1 !q}
 o - 6 potions of brilliance
 p - 3 potions of flight
 v - a potion of might {@q3 !q}
 I - a potion of cancellation {unknown}


   Skills:
 + Level 3.0 Fighting
 - Level 12.0 Staves
 + Level 2.4 Armour
 + Level 3.3 Dodging
 - Level 3.7 Stealth
 + Level 10.4 Spellcasting
 - Level 1.5 Transmutations
 - Level 12.3 Poison Magic
 - Level 9.3 Invocations


You had 19 spell levels left.
You knew the following spells:

 Your Spells              Type           Power      Damage    Failure   Level
a - Sting                 Tmut/Pois      100%       1d8       1%          1
b - Poisonous Vapours     Pois/Air       100%       N/A       1%          2
m - Mephitic Cloud        Conj/Pois/Air  55%        N/A       1%          3
x - Ignite Poison         Fire/Tmut/Pois 58%        N/A       1%          3
z - Olgreb's Toxic Radia  Pois           92%        N/A       1%          4

Your spell library contained the following spells:

 Spells                   Type           Power      Damage    Failure   Level
 Magic Dart               Conj           60%        1d6       3%          1
 Searing Ray              Conj           30%        3d4       5%          2
 Confusing Touch          Hex            15%        N/A       11%         3
 Dazzling Flash           Conj/Hex       30%        N/A       11%         3
 Gell's Gravitas          Tloc           7%         N/A       11%         3
 Petrify                  Tmut/Erth      19%        N/A       26%         4
 Fulminant Prism          Conj/Hex       7%         3d7       34%         4
 Iskenderun's Mystic Bla  Conj/Tloc      15%        2d5       34%         4
 Yara's Violent Unravell  Hex/Tmut       9%         3d6       58%         5
 Metabolic Englaciation   Hex/Ice        7%         N/A       69%         5


Dungeon Overview and Level Annotations

Branches:
Dungeon (12/15)            Temple (0/1) D:5            Lair (0/6) D:9
    Orc (1/2) D:12

Altars:
Ashenzari
Cheibriados
Hepliaklqana
Makhleb
Sif Muna
Uskayaw
Wu Jian
Xom
Yredelemnul
Zin

Shops:
D:7 *   D:10 :

Annotations:
D:2 unfinished
D:4 3 runed translucent doors, ShadowManNeo's ghost, amateur DrVM
D:6 exclusion: oklob plant
D:10 1 runed translucent door, srzhan31's ghost, journeyman GrCj
D:12 1 runed translucent door, exclusion: hydra


Innate Abilities, Weirdness & Mutations

Your serpentine skin is tough. (AC +4)
You have supernaturally acute eyesight. (SInv)
Armour fits poorly on your strangely shaped body.
Your system is resistant to poisons. (rPois)
You cover ground very slowly.
You can spit poison.
You can use your snake-like lower body to constrict enemies.


Message History

You kill the troll!
Cheibriados appreciates the change of pace.
The troll leather armour is intact enough to wear.
You kill the orc warrior!
Cheibriados thoroughly appreciates the change of pace.
You feel your intelligence returning.
You have reached level 13!
Your tail grows strong enough to constrict your enemies.
Casting: Olgreb's Toxic Radiance (safe; 1% risk of failure)
Confirm with . or Enter, or press ? or * to list all spells.
You feel a surge of power!
Your toxic radiance grows in intensity.
The orc warlord looks even sicker.
You kill the orc warrior!
Cheibriados thoroughly appreciates the change of pace.
You kill the orc warrior!
Cheibriados appreciates the change of pace.
The ogre looks as sick as possible!
You kill the ogre!
Cheibriados appreciates the change of pace.
An orc warrior comes into view. It is wielding a +0 long sword.
Your Fighting skill increases to level 3!
The orc warlord looks even sicker.
Your toxic aura wanes.
The orc warlord hits you from afar with a +0 halberd!!
* * * LOW HITPOINT WARNING * * *
The orc warrior shouts!
Casting: Olgreb's Toxic Radiance (safe; 1% risk of failure)
Confirm with . or Enter, or press ? or * to list all spells.
You feel a surge of power!
You ignite the poison in your surroundings!
The orc warlord seems to burn from within!!
The orc warlord is heavily wounded.
An orc comes into view. It is wielding a +0 trident.
An orc comes into view. It is wielding a +0 falchion.
The orc warlord hits you from afar with a +0 halberd!!
* * * LOW HITPOINT WARNING * * *
An orc wizard comes into view. It is wielding a +1 dagger of venom.
The orc shouts!
You can feel time thicken for a moment.
You kill the orc!
Cheibriados appreciates the change of pace.
You kill the orc wizard!
Cheibriados appreciates the change of pace.
You kill the orc!
Cheibriados appreciates the change of pace.
You can no longer inflict damage on those overly hasty.
Cheibriados lowers the support of your attributes as your movement quickens.
An orc warrior comes into view.
It is wielding a +2 vampiric halberd and wearing a +1 chain mail of poison resistance.
An orc priest comes into view. It is wielding a +0 short sword.
The orc warlord hits you from afar with a +0 halberd!!
* * * LOW HITPOINT WARNING * * *
Casting: Ignite Poison (safe; 1% risk of failure)
Confirm with . or Enter, or press ? or * to list all spells.
You don't have enough magic to cast this spell.
Unknown command.
Okay, then.
Okay, then.
Okay, then.
Okay, then.
Okay, then.
Really quaff
d - a potion of heal wounds {@q2 !q}?
You feel much better.
An orc comes into view. It is wielding a +0 dagger.
The orc priest begins to cast a cantrip, but forgets the words!
The orc warlord hits you from afar with a +0 halberd!!
* * * LOW HITPOINT WARNING * * *
The orc shouts!
The orc warrior shouts!
Blink to where?
Press: ? - help, Dir - move target
As you read the scroll of blinking {@r4}, it crumbles to dust.
Casting: Ignite Poison (safe; 1% risk of failure)
Confirm with . or Enter, or press ? or * to list all spells.
You feel a surge of power!
You begin to radiate toxic energy.
The orc warrior is poisoned.
You kill the orc warrior!
Cheibriados appreciates the change of pace.
Your toxic aura wanes.
Unknown command.
Okay, then.
Really read
n - 3 scrolls of fog {!r}?
As you read the scroll of fog {!r}, it crumbles to dust.
The scroll dissolves into smoke.
Blink to where?
Press: ? - help, Dir - move target
As you read the scroll of blinking {@r4}, it crumbles to dust.
You climb upwards.
Welcome back to the Dungeon!
Level annotation: 1 runed translucent door, exclusion: hydra
There is a staircase to the Orcish Mines, spattered with blood here.
Really read
c - 2 scrolls of teleportation {@r3 !r}?
As you read the scroll of teleportation {@r3 !r}, it crumbles to dust.
You feel strangely unstable.
The acid dragon bites you but does no damage.
The acid dragon closely misses you.
Really quaff
m - 4 potions of curing {@q1 !q}?
You feel better. The acid dragon spits acid at you.
The splash of acid hits you!
* * * LOW HITPOINT WARNING * * *
The acid corrodes you!
You are splashed with acid!
You die...

.# #...# #...........# .#
#...# #...........# .#
#...######.......(...#
.####..................>.#
.........................#
.........................#
#####.^..................#
# #....................# #
#...........@........# #
##..........D........# #
#...................# #
#...................#
#...................#
#...................#
#...................#
######...................#
................########.#


You could see an acid dragon (catching breath).

Vanquished Creatures
  Gastronok (Orc:1)
  2 boulder beetles (D:12)
  A hydra (D:11)
  6 two-headed ogres
  An unseen horror (D:11)
  Pikel (D:3)
  2 cyclopes (D:12)
  An ugly thing (D:11)
  A manticore (D:12)
  Psyche (D:9)
  A kobold demonologist (D:11)
  An efreet (D:11)
  A komodo dragon (D:12)
  A freezing wraith (D:11)
  8 trolls
  Prince Ribbit (D:7)
  3 wraiths
  4 yaks (D:12)
  Sigmund (D:4)
  2 wyverns
  Grum (D:10)
  A soldier ant (D:11)
  2 wargs (D:12)
  Duvessa (D:4)
  9 orc warriors
  8 ice beasts
  4 sky beasts
  2 necrophages
  6 ogres
  A wolf (D:10)
  9 centaurs
  3 phantoms
  2 lemures (D:3)
  Blork the orc (D:4)
  10 kobold brigands
  7 bullfrogs
  2 gnoll sergeants
  Dowan (D:4)
  A wyvern skeleton (D:7)
  A scorpion (D:12)
  A water moccasin skeleton (D:6)
  4 killer bees (D:9)
  8 wights
  5 howler monkeys
  2 electric eels
  5 jellies
  3 bullfrog zombies
  16 hounds
  Crazy Yiuf (D:2)
  6 orc priests
  4 gnoll shamans
  4 bullfrog skeletons
  A centaur skeleton (D:4)
  10 worker ants
  Natasha (thrice) (D:2)
  3 iguanas
  7 orc wizards
  A hound zombie (D:8)
  A hound skeleton (D:9)
  14 gnolls
  A howler monkey skeleton (D:9)
  16 adders
  3 shadow imps
  4 white imps
  4 ufetubi
  2 oozes
  An adder zombie (D:6)
  2 adder skeletons
  6 worms
  3 dart slugs
  6 leopard geckos
  46 orcs
  6 bats
  8 giant cockroaches
  4 goblins
  3 hobgoblins
  6 jackals (D:1)
  11 kobolds
  2 quokkas (D:9)
  6 frilled lizards
  A leopard gecko skeleton (D:6)
  A leopard gecko zombie (D:7)
  9 rats
362 creatures vanquished.

Vanquished Creatures (others)
  2 plants (D:6)
2 creatures vanquished.

Grand Total: 364 creatures vanquished

Notes
Turn   | Place    | Note
-------+----------+-------------------------------------------
     0 | D:1      | rednaxela the Naga Venom Mage began the quest for the Orb.
     0 | D:1      | Reached XP level 1. HP: 15/15 MP: 3/3
   516 | D:1      | Reached XP level 2. HP: 14/22 MP: 0/5
   822 | D:1      | Learned a level 2 spell: Poisonous Vapours
   857 | D:1      | Reached XP level 3. HP: 28/28 MP: 3/6
  1647 | D:2      | Noticed Natasha
  1652 | D:2      | Killed Natasha
  1653 | D:2      | Reached XP level 4. HP: 35/36 MP: 4/8
  1871 | D:2      | Noticed Natasha
  1884 | D:2      | Killed Natasha
  1885 | D:2      | Reached skill level 3 in Spellcasting
  1885 | D:2      | Reached skill level 5 in Poison Magic
  2010 | D:2      | Noticed an ice beast
  2069 | D:2      | Noticed Natasha
  2072 | D:2      | Killed Natasha
  2073 | D:2      | Reached XP level 5. HP: 36/42 MP: 3/9
  2169 | D:3      | Found a hazy altar of Hepliaklqana.
  2850 | D:3      | Found a snail-covered altar of Cheibriados.
  2913 | D:3      | Became a worshipper of Cheibriados the Contemplative
  3232 | D:3      | Learned a level 4 spell: Olgreb's Toxic Radiance
  3236 | D:3      | Learned a level 3 spell: Mephitic Cloud
  3264 | D:3      | Reached skill level 6 in Poison Magic
  3353 | D:4      | Found a basalt altar of Yredelemnul.
  3353 | D:4      | Noticed a centaur
  3367 | D:4      | Killed a centaur
  3368 | D:4      | Reached skill level 1 in Invocations
  3368 | D:4      | Reached XP level 6. HP: 27/49 MP: 2/11
  3549 | D:4      | Noticed Pikel
  3587 | D:4      | Found a shimmering altar of Xom.
  3587 | D:4      | Found a shimmering blue altar of Sif Muna.
  3587 | D:4      | Noticed Sigmund
  3656 | D:3      | Reached skill level 4 in Spellcasting
  3787 | D:4      | Reached skill level 2 in Invocations
  3796 | D:4      | Killed Sigmund
  3796 | D:4      | Reached * piety under Cheibriados
  3797 | D:4      | Reached skill level 7 in Poison Magic
  3797 | D:4      | Reached XP level 7. HP: 54/55 MP: 1/13
  3810 | D:4      | Noticed Blork the orc
  4197 | D:3      | Killed Pikel
  4198 | D:3      | Reached skill level 5 in Spellcasting
  4198 | D:3      | Reached skill level 8 in Poison Magic
  4198 | D:3      | Reached skill level 4 in Invocations
  4198 | D:3      | Reached XP level 8. HP: 45/62 MP: 2/16
  4522 | D:4      | Killed Blork the orc
  4696 | D:4      | Found a runed translucent gate.
  4696 | D:4      | Found a runed translucent gate.
  4696 | D:4      | Found a runed translucent gate.
  4697 | D:4      | Noticed ShadowManNeo's ghost (amateur DrVM)
  4855 | D:4      | Noticed Dowan
  4856 | D:4      | Noticed Duvessa
  4872 | D:4      | Killed Duvessa
  4873 | D:4      | Reached skill level 5 in Invocations
  4876 | D:4      | Killed Dowan
  4914 | D:4      | Reached skill level 9 in Poison Magic
  5015 | D:4      | Reached skill level 6 in Spellcasting
  5223 | D:4      | Learned a level 3 spell: Ignite Poison
  5672 | D:5      | Entered Level 5 of the Dungeon
  6087 | D:5      | Reached XP level 9. HP: 42/68 MP: 10/18
  6224 | D:5      | Found a staircase to the Ecumenical Temple.
  6496 | D:5      | Reached skill level 6 in Invocations
  7022 | D:2      | Reached ** piety under Cheibriados
  7566 | D:2      | Found a runed translucent door.
  7567 | D:2      | Noticed Crazy Yiuf
  7575 | D:2      | Killed Crazy Yiuf
  7937 | D:6      | Found an ornate altar of the Wu Jian Council.
  7969 | D:6      | Reached skill level 10 in Poison Magic
  8158 | D:6      | Noticed an oklob plant
  8410 | D:6      | Reached *** piety under Cheibriados
  8677 | D:6      | Reached skill level 7 in Invocations
  8680 | D:6      | Reached skill level 7 in Spellcasting
  9157 | D:6      | Found a hide-covered altar of Uskayaw.
  9312 | D:6      | Found a glowing silver altar of Zin.
  9656 | D:7      | Found Hauzuuq's Assorted Antiques.
  9665 | D:7      | Noticed a troll
  9669 | D:7      | Killed a troll
  9673 | D:7      | Bought a scroll labelled VOEMOR XALASE for 28 gold pieces
  9673 | D:7      | Bought a scroll labelled IMYIPT QU URU for 28 gold pieces
  9673 | D:7      | Bought a scroll of identify for 56 gold pieces
  9904 | D:7      | Noticed Prince Ribbit
  9906 | D:7      | Killed Prince Ribbit
  9907 | D:7      | Reached skill level 11 in Poison Magic
  9907 | D:7      | Reached XP level 10. HP: 73/75 MP: 15/21
  9999 | D:7      | Reached skill level 8 in Invocations
 11127 | D:8      | Reached skill level 8 in Spellcasting
 11233 | D:8      | Noticed a two-headed ogre
 11365 | D:8      | Found a broken altar of Ashenzari.
 11401 | D:8      | Killed a two-headed ogre
 11474 | D:8      | Reached **** piety under Cheibriados
 11810 | D:8      | Reached skill level 12 in Poison Magic
 11810 | D:8      | Reached skill level 9 in Invocations
 11961 | D:8      | Found a glowing silver altar of Zin.
 12159 | D:8      | You fall into a shaft and drop 1 floor!
 12923 | D:9      | Found a burning altar of Makhleb.
 13177 | D:9      | Noticed a two-headed ogre
 13181 | D:9      | Killed a two-headed ogre
 13182 | D:9      | Reached skill level 2 in Staves
 13182 | D:9      | Reached skill level 9 in Spellcasting
 13182 | D:9      | Reached XP level 11. HP: 77/81 MP: 15/24
 13314 | D:9      | Reached skill level 3 in Staves
 13373 | D:9      | Found a staircase to the Lair.
 14228 | D:10     | Entered Level 10 of the Dungeon
 14281 | D:10     | Reached skill level 4 in Staves
 14348 | D:10     | Found a runed translucent door.
 14348 | D:10     | Noticed srzhan31's ghost (journeyman GrCj)
 14348 | D:10     | Noticed a two-headed ogre
 14353 | D:10     | Killed a two-headed ogre
 14670 | D:9      | Noticed Psyche
 14674 | D:9      | Killed Psyche
 14822 | D:10     | Found Zikhliufo's Book Emporium.
 14913 | D:10     | Reached skill level 5 in Staves
 14930 | D:10     | Reached skill level 10 in Spellcasting
 15493 | D:10     | Noticed Grum
 15497 | D:10     | Killed Grum
 15616 | D:10     | Reached skill level 6 in Staves
 16205 | D:11     | Reached skill level 7 in Staves
 16341 | D:11     | Noticed a cyan ugly thing
 16356 | D:11     | Noticed a two-headed ogre
 16362 | D:11     | Killed a two-headed ogre
 16494 | D:11     | Killed a cyan ugly thing
 16495 | D:11     | Reached skill level 8 in Staves
 16845 | D:11     | Noticed a two-headed ogre
 16849 | D:11     | Killed a two-headed ogre
 17080 | D:11     | Reached skill level 9 in Staves
 17488 | D:11     | Noticed a two-headed ogre
 17492 | D:11     | Killed a two-headed ogre
 17493 | D:11     | Reached XP level 12. HP: 87/88 MP: 14/26
 17621 | D:11     | Reached skill level 10 in Staves
 17943 | D:12     | Noticed a boulder beetle
 17948 | D:12     | Killed a boulder beetle
 18048 | D:12     | Noticed a boulder beetle
 18053 | D:12     | Killed a boulder beetle
 18054 | D:12     | Reached skill level 11 in Staves
 18114 | D:12     | Found a burning altar of Makhleb.
 18150 | D:12     | Reached ***** piety under Cheibriados
 18393 | D:12     | Found a staircase to the Orcish Mines.
 18508 | D:12     | Found a runed translucent door.
 18508 | D:12     | Noticed a fire giant
 18508 | D:12     | Noticed a four-headed hydra
 18509 | D:12     | Noticed a two-headed ogre
 18509 | D:12     | a dream sheep changed into a two-headed ogre
 18513 | D:12     | a two-headed ogre changed into a swamp worm
 18526 | D:11     | Noticed an eight-headed hydra
 18529 | D:11     | Killed an eight-headed hydra
 18648 | D:11     | Reached skill level 12 in Staves
 18648 | D:11     | Reached skill level 2 in Dodging
 18771 | D:12     | Reached skill level 1 in Fighting
 18938 | D:12     | Noticed a storm dragon
 18942 | D:12     | Reached skill level 1 in Armour
 19353 | Orc:1    | Entered Level 1 of the Orcish Mines
 19694 | Orc:1    | Noticed Gastronok
 19711 | Orc:1    | Killed Gastronok
 19712 | Orc:1    | Reached skill level 2 in Fighting
 19712 | Orc:1    | Reached skill level 2 in Armour
 19712 | Orc:1    | Reached skill level 3 in Dodging
 20069 | Orc:1    | Noticed an orc warlord
 20071 | Orc:1    | Gained mutation: You can use your snake-like lower body to
                  | constrict enemies. [Naga growth]
 20071 | Orc:1    | Reached XP level 13. HP: 76/102 MP: 14/27
 20072 | Orc:1    | Reached skill level 3 in Fighting
 20075 | Orc:1    | HP: 5/103 [orc warlord/+0 halberd (18)]
 20076 | Orc:1    | HP: 2/103 [orc warlord/+0 halberd (30)]
 20092 | D:12     | Splashed by an acid dragon's acid

Illustrated notes

Levels and vault maps discovered:
D:1:      minmay_arrival_shattered_statue, layout_loops_corners, feat_on_display
D:2:      layout_loops_ring, uniq_crazy_yiuf_cottage, uniq_natasha
D:3:      layout_loops_ring, kennysheep_slug_shrine,
          nicolae_hepliaklqana_hippocampus
D:4:      layout_rooms, kennysheep_mini,
          chequers_temple_overflow_statue_of_worship, ebering_ghost_rock_garden,
          kennysheep_generic_room_10, uniq_pikel, uniq_blork_the_orc,
          uniq_duvessa, uniq_sigmund
D:5:      layout_loops_corners, temple_hall
D:6:      hangedman_cross_stitches, layout_basic, lemuel_round_altar,
          lemuel_coloured_pillars_altar, serial_bayou_ford_a, lemuel_oklob_altar
D:7:      layout_loops_cross, serial_shops, nicolae_shop_waterfront,
          uniq_prince_ribbit1
D:8:      layout_basic, nicolae_overflow_hidden_temple,
          cheibrodos_ashenzari_chains
D:9:      layout_basic, lair_entry_dummy, grunt_ministairs_12,
          hangedman_decor_riveting, makhleb_blood_cavern_becter, uniq_psyche
D:10:     layout_cave_pools, serial_gnoll_camp, gnoll_camp_mini_house,
          gnoll_camp_mini_house, grums_kennel, gnoll_camp_mini_shop,
          gnoll_camp_mini_hut, gnoll_camp_mini_hut,
          hellmonk_ghost_happy_afterlife
D:11:     minmay_inside_and_out, layout_basic, special_room
          [special_room_kobold]
D:12:     minmay_tearing_corner, layout_long_grid, orc_0_dummy, basic_altar,
          drop_trap, kennysheep_treasure_room
Orc:1:    layout_caves, uniq_gastronok

Skill      XL: |  1  2  3  4  5  6  7  8  9 10 11 12 13 |
---------------+----------------------------------------+-----
Spellcasting   | 3 4 5 6 7 9 10 | 10.4
Poison Magic   | 5 6 7 8 9 11 12 | 12.3
Invocations    | 1 2 4 5 7 9 |  9.3
Staves         | 2 9 12 | 12.0
Dodging        | 3 |  3.3
Fighting       | 2 3 |  3.0
Armour         | 2 |  2.4
Stealth        | |  3.7
Transmutations | |  1.5

Action                   |  1- 3 |  4- 6 |  7- 9 | 10-12 | 13-15 || total
-------------------------+-------+-------+-------+-------+-------++-------
Melee: Unarmed           |    14 |       |       |       |       ||    14
       Spear             |     5 |    52 |   173 |   113 |       ||   343
       Staff             |       |       |       |   181 |       ||   181
 Cast: Sting             |    30 |    30 |   150 |    81 |       ||   291
       Poisonous Vapours |     2 |    40 |    54 |    58 |       ||   154
       Mephitic Cloud    |       |     1 |     2 |     4 |       ||     7
       Ignite Poison     |       |       |    15 |    77 |     1 ||    93
       Olgreb's Toxic Ra |       |       |     5 |    59 |     2 ||    66
Invok: Bend Time         |       |       |       |    10 |       ||    10
       Slouch            |       |       |       |    10 |     1 ||    11
 Abil: Spit Poison       |     8 |     2 |     1 |     1 |       ||    12
Evoke: Wand              |       |       |       |     7 |       ||     7
  Use: Scroll            |       |     8 |     9 |     7 |     4 ||    28
       Potion            |       |       |       |     3 |     2 ||     5
 Stab: Sleeping          |     1 |     1 |       |     4 |       ||     6
       Confused          |       |       |     4 |     1 |       ||     5
Armor: Robe              |    13 |    38 |   177 |   282 |     1 ||   511
Dodge: Dodged            |    25 |    45 |   137 |   185 |     1 ||   393

Table legend: (Time is in decaauts)
 A = Elapsed time spent in this place.
 B = Non-inter-level travel time spent in this place.
 C = Inter-level travel time spent in this place.
 D = Time resting spent in this place.
 E = Time spent auto-exploring this place.
 F = Levels seen in this place.
 G = Mean time per level.
                   A        B        C        D        E       F      G
               +--------+--------+--------+--------+--------+-----+--------+
         Total |  30466 |  28429 |   2037 |   3414 |  20261 |  13 | 2343.5 |
       Dungeon |  29638 |  27624 |   2014 |   3017 |  19989 |  12 | 2469.8 |
  Orcish Mines |    828 |    805 |     23 |    397 |    271 |   1 |  828.0 |
               +--------+--------+--------+--------+--------+-----+--------+

Top non-repeatable levels by time:
    D:11: 4132 daAuts
     D:8: 3168 daAuts
     D:9: 3129 daAuts
     D:3: 2486 daAuts
     D:6: 2479 daAuts
     D:4: 2441 daAuts
     D:2: 2410 daAuts
     D:7: 2139 daAuts
    D:10: 1943 daAuts
     D:5: 1875 daAuts
     D:1: 1725 daAuts
    D:12: 1705 daAuts
   Orc:1: 828 daAuts
